TOP OF THE 1ST |
Helena Grizzlies batting - Pitching for Nortonville Cherokees : RHP Bill Gentry
|
Pitching: RHP Bill Gentry
|
|
Batting: RHB Curt Pope
|
0-0: Called Strike 0-1: Ball 1-1: Foul Ball, location: 2F 1-2: Fly out, F2 (Popup, 5SF)
|
Batting: RHB David Ramírez
|
0-0: SINGLE (Line Drive, 8LS)
|
Batting: LHB Juan Hernández
|
0-0: Ball 1-0: Ball 2-0: Ground out U3 (Groundball, 3S) David Ramírez to second
|
Batting: RHB Pancho Salaedo
|
0-0: Swinging Strike 0-1: Ground out 6-3 (Groundball, 6M)
|
Top of the 1st over - 0 run(s), 1 hit(s), 0 error(s), 1 left on base; Helena 0 - Nortonville 0 |
BOTTOM OF THE 1ST |
Nortonville Cherokees batting - Pitching for Helena Grizzlies : RHP Doruk Oyan
|
Pitching: RHP Doruk Oyan
|
|
Batting: RHB Víctor López
|
0-0: Ball 1-0: Called Strike 1-1: Fly out, F8 (Flyball, 8RD)
|
Batting: RHB Paco Vásquez
|
0-0: Ball 1-0: Foul Ball, location: 2F 1-1: Ball 2-1: Fly out, F8 (Flyball, 8RM)
|
Batting: RHB José Correa
|
0-0: Called Strike 0-1: Ball 1-1: Ball 2-1: Called Strike 2-2: Ball 3-2: Base on Balls
|
Batting: LHB Sam Good
|
0-0: Ball 1-0: Ball 2-0: Ball 3-0: Base on Balls José Correa to second
|
Batting: RHB Lane Hancock
|
0-0: Called Strike 0-1: Foul Ball, location: 2F 0-2: Ball 1-2: Foul Ball, location: 2F 1-2: 3-RUN HOME RUN (Flyball, 78XD), Distance : 403 ft
|
Batting: RHB Edén Mont
|
0-0: Ground out 1-3 (Groundball, 13S)
|
Bottom of the 1st over - 3 run(s), 1 hit(s), 0 error(s), 0 left on base; Helena 0 - Nortonville 3 |
TOP OF THE 2ND |
Helena Grizzlies batting - Pitching for Nortonville Cherokees : RHP Bill Gentry
|
Batting: RHB Joe Chase
|
0-0: SOLO HOME RUN (Flyball, 7D), Distance : 391 ft
|
Batting: RHB Wilbur James
|
0-0: Ball 1-0: Ground out 5-3 (Groundball, 5)
|
Batting: LHB José Alonso
|
0-0: Swinging Strike 0-1: Called Strike 0-2: Ball 1-2: Ball 2-2: Ball 3-2: Strikes out swinging
|
Batting: RHB Emílio Ortíz
|
0-0: Ground out 5-3 (Groundball, 56S)
|
Top of the 2nd over - 1 run(s), 1 hit(s), 0 error(s), 0 left on base; Helena 1 - Nortonville 3 |
BOTTOM OF THE 2ND |
Nortonville Cherokees batting - Pitching for Helena Grizzlies : RHP Doruk Oyan
|
Batting: LHB Sergio Muñóz
|
0-0: Ball 1-0: Called Strike 1-1: Ball 2-1: Ball 3-1: Swinging Strike 3-2: Base on Balls
|
Batting: RHB Javier Chávez
|
0-0: Ball 1-0: Swinging Strike 1-1: Foul Ball, location: 2F 1-2: Ball 2-2: Ball 3-2: Foul Ball, location: 2F 3-2: Strikes out swinging
|
Batting: LHB Sean Booth
|
0-0: Called Strike Sergio Muñóz steals 2nd base 0-1: Ground out 6-3 (Groundball, 6M) Sergio Muñóz to third
|
Batting: RHB Víctor López
|
0-0: Foul Ball, location: 2F 0-1: Ball 1-1: Ball Wild Pitch! Sergio Muñóz scores 2-1: Fly out, F7 (Flyball, 78M)
|
Bottom of the 2nd over - 1 run(s), 0 hit(s), 0 error(s), 0 left on base; Helena 1 - Nortonville 4 |
TOP OF THE 3RD |
Helena Grizzlies batting - Pitching for Nortonville Cherokees : RHP Bill Gentry
|
Batting: RHB Jeremy Murphy
|
0-0: Called Strike 0-1: Called Strike 0-2: Ball 1-2: Strikes out swinging
|
Batting: RHB Curt Pope
|
0-0: Called Strike 0-1: Swinging Strike 0-2: Strikes out looking
|
Batting: RHB David Ramírez
|
0-0: Ball 1-0: Foul Ball, location: 2F 1-1: Ball 2-1: Fly out, F5 (Popup, 5SF)
|
Top of the 3rd over - 0 run(s), 0 hit(s), 0 error(s), 0 left on base; Helena 1 - Nortonville 4 |
BOTTOM OF THE 3RD |
Nortonville Cherokees batting - Pitching for Helena Grizzlies : RHP Doruk Oyan
|
Batting: RHB Paco Vásquez
|
0-0: Ball 1-0: Swinging Strike 1-1: Foul Ball, location: 2F 1-2: Strikes out swinging
|
Batting: RHB José Correa
|
0-0: Ball 1-0: Ball 2-0: SINGLE (Groundball, 4MD)
|
Batting: LHB Sam Good
|
0-0: Ball 1-0: Called Strike 1-1: Ball 2-1: Fielders Choice at 2nd, 3-6 (Groundball, 3)
|
Batting: RHB Lane Hancock
|
0-0: Fly out, F4 (Popup, 3D)
|
Bottom of the 3rd over - 0 run(s), 1 hit(s), 0 error(s), 1 left on base; Helena 1 - Nortonville 4 |
TOP OF THE 4TH |
Helena Grizzlies batting - Pitching for Nortonville Cherokees : RHP Bill Gentry
|
Batting: LHB Juan Hernández
|
0-0: Ground out 6-3 (Groundball, 6)
|
Batting: RHB Pancho Salaedo
|
0-0: Ball 1-0: Fly out, F8 (Flyball, 8RM)
|
Batting: RHB Joe Chase
|
0-0: Ball 1-0: Ball 2-0: Ball 3-0: Base on Balls
|
Batting: RHB Wilbur James
|
0-0: Called Strike 0-1: Ball 1-1: Called Strike 1-2: Foul Ball, location: 2F 1-2: Strikes out swinging
|
Top of the 4th over - 0 run(s), 0 hit(s), 0 error(s), 1 left on base; Helena 1 - Nortonville 4 |
BOTTOM OF THE 4TH |
Nortonville Cherokees batting - Pitching for Helena Grizzlies : RHP Doruk Oyan
|
Batting: RHB Edén Mont
|
0-0: Ball 1-0: Ball 2-0: Foul Ball, location: 2F 2-1: Foul Ball, location: 2F 2-2: Ball 3-2: Foul Ball, location: 2F 3-2: Foul Ball, location: 2F 3-2: Fly out, F9 (Popup, 8RS)
|
Batting: LHB Sergio Muñóz
|
0-0: Ground out 3-1 (Groundball, 34)
|
Batting: RHB Javier Chávez
|
0-0: Called Strike 0-1: Ball 1-1: Ball 2-1: Foul Ball, location: 2F 2-2: Ball 3-2: Fly out, F9 (Line Drive, 9LM)
|
Bottom of the 4th over - 0 run(s), 0 hit(s), 0 error(s), 0 left on base; Helena 1 - Nortonville 4 |
TOP OF THE 5TH |
Helena Grizzlies batting - Pitching for Nortonville Cherokees : RHP Bill Gentry
|
Batting: LHB José Alonso
|
0-0: Ball 1-0: Ground out 2-3 (Groundball, 2L)
|
Batting: RHB Emílio Ortíz
|
0-0: Swinging Strike 0-1: Ball 1-1: Fly out, F3 (Popup, 34)
|
Batting: RHB Jeremy Murphy
|
0-0: Called Strike 0-1: Reached on error, E5 (Groundball, 5L)
|
Batting: RHB Curt Pope
|
0-0: Called Strike 0-1: Foul Ball, location: 2F 0-2: Ball 1-2: Strikes out swinging
|
Top of the 5th over - 0 run(s), 0 hit(s), 1 error(s), 1 left on base; Helena 1 - Nortonville 4 |
BOTTOM OF THE 5TH |
Nortonville Cherokees batting - Pitching for Helena Grizzlies : RHP Doruk Oyan
|
Batting: LHB Sean Booth
|
0-0: Ball 1-0: Swinging Strike 1-1: Called Strike 1-2: Foul Ball, location: 2F 1-2: Ball 2-2: Ball 3-2: Base on Balls
|
Batting: RHB Víctor López
|
0-0: Sac Bunt - play at first, batter OUT! 1-3 Sean Booth to second
|
Batting: RHB Paco Vásquez
|
0-0: Ball 1-0: Ball 2-0: Called Strike 2-1: Called Strike 2-2: SINGLE (Line Drive, 6D) Sean Booth to third
|
Batting: RHB José Correa
|
0-0: Called Strike 0-1: Hit by Pitch Paco Vásquez to second
|
Batting: LHB Sam Good
|
0-0: Ball 1-0: Ball 2-0: Called Strike 2-1: Foul Ball, location: 2F 2-2: Ball 3-2: Base on Balls Sean Booth scores Paco Vásquez to third José Correa to second
|
Pitching: RHP Nick Blount
|
|
Batting: RHB Lane Hancock
|
0-0: Ball 1-0: Called Strike 1-1: SINGLE (Line Drive, 34) Paco Vásquez scores José Correa to third Sam Good to second
|
Batting: RHB Edén Mont
|
0-0: Ball 1-0: Ball 2-0: Foul Ball, location: 2F 2-1: Fly out, F8 (Flyball, 8LM) Runner from 3rd tags up, SCORES, no throw
|
Batting: LHB Sergio Muñóz
|
0-0: Ball 1-0: Called Strike 1-1: Foul Ball, location: 2F 1-2: Ball 2-2: Fly out, F6 (Popup, 5D)
|
Bottom of the 5th over - 3 run(s), 2 hit(s), 0 error(s), 2 left on base; Helena 1 - Nortonville 7 |
TOP OF THE 6TH |
Helena Grizzlies batting - Pitching for Nortonville Cherokees : RHP Bill Gentry
|
Batting: RHB David Ramírez
|
0-0: Foul Ball, location: 2F 0-1: Ball 1-1: Ball 2-1: Fly out, F7 (Flyball, 7M)
|
Batting: LHB Juan Hernández
|
0-0: Called Strike 0-1: Called Strike 0-2: Ball 1-2: Foul Ball, location: 2F 1-2: Ball 2-2: Foul Ball, location: 2F 2-2: Ball 3-2: Ground out 5-3 (Groundball, 56)
|
Batting: RHB Pancho Salaedo
|
0-0: SINGLE (Line Drive, 7S)
|
Batting: RHB Joe Chase
|
0-0: Called Strike Pancho Salaedo steals 2nd base 0-1: Ground out 6-3 (Groundball, 6)
|
Top of the 6th over - 0 run(s), 1 hit(s), 0 error(s), 1 left on base; Helena 1 - Nortonville 7 |
BOTTOM OF THE 6TH |
Nortonville Cherokees batting - Pitching for Helena Grizzlies : RHP Nick Blount
|
Batting: RHB Javier Chávez
|
0-0: Called Strike 0-1: Ball 1-1: Fly out, F7 (Flyball, 7S)
|
Batting: LHB Sean Booth
|
0-0: Called Strike 0-1: Foul Ball, location: 2F 0-2: Strikes out swinging
|
Batting: RHB Víctor López
|
0-0: Ball 1-0: Ball 2-0: Called Strike 2-1: Ball 3-1: Base on Balls
|
Batting: RHB Paco Vásquez
|
0-0: Ball 1-0: Foul Ball, location: 2F 1-1: Foul Ball, location: 2F 1-2: Ground out 6-3 (Groundball, 6)
|
Bottom of the 6th over - 0 run(s), 0 hit(s), 0 error(s), 1 left on base; Helena 1 - Nortonville 7 |
TOP OF THE 7TH |
Helena Grizzlies batting - Pitching for Nortonville Cherokees : RHP Bill Gentry
|
Now at 1B: Claudio Torres
|
|
Now at 3B: Ron Schneider
|
|
Now at SS: Chris Oudekirk
|
|
Batting: RHB Wilbur James
|
0-0: Called Strike 0-1: Ground out 5-3 (Groundball, 5S)
|
Batting: LHB José Alonso
|
0-0: Ball 1-0: Ground out 5-3 (Groundball, 56S)
|
Batting: RHB Emílio Ortíz
|
0-0: Ball 1-0: Swinging Strike 1-1: Foul Ball, location: 2F 1-2: Strikes out swinging
|
Top of the 7th over - 0 run(s), 0 hit(s), 0 error(s), 0 left on base; Helena 1 - Nortonville 7 |
BOTTOM OF THE 7TH |
Nortonville Cherokees batting - Pitching for Helena Grizzlies : RHP Nick Blount
|
Batting: RHB José Correa
|
0-0: Called Strike 0-1: Swinging Strike 0-2: Ground out 5-3 (Groundball, 5)
|
Pitching: RHP John Corbin
|
|
Batting: LHB Sam Good
|
0-0: Ground out 4-3 (Groundball, 4)
|
Batting: RHB Lane Hancock
|
0-0: Called Strike 0-1: SINGLE (Flyball, 4D)
|
Batting: RHB Edén Mont
|
0-0: Swinging Strike 0-1: Ball 1-1: Foul Ball, location: 2F 1-2: Strikes out swinging
|
Bottom of the 7th over - 0 run(s), 1 hit(s), 0 error(s), 1 left on base; Helena 1 - Nortonville 7 |
TOP OF THE 8TH |
Helena Grizzlies batting - Pitching for Nortonville Cherokees : RHP Bill Gentry
|
Batting: RHB Jeremy Murphy
|
0-0: Called Strike 0-1: Fly out, F8 (Line Drive, 8LS)
|
Batting: RHB Curt Pope
|
0-0: Called Strike 0-1: Swinging Strike 0-2: Ball 1-2: Foul Ball, location: 2F 1-2: Strikes out looking
|
Batting: RHB David Ramírez
|
0-0: Called Strike 0-1: Ball 1-1: Called Strike 1-2: Ground out 5-3 (Groundball, 5D)
|
Top of the 8th over - 0 run(s), 0 hit(s), 0 error(s), 0 left on base; Helena 1 - Nortonville 7 |
BOTTOM OF THE 8TH |
Nortonville Cherokees batting - Pitching for Helena Grizzlies : RHP John Corbin
|
Batting: RHB Claudio Torres
|
0-0: Called Strike 0-1: Ball 1-1: Foul Ball, location: 2F 1-2: Ball 2-2: Ball 3-2: Base on Balls
|
Batting: RHB Chris Oudekirk
|
0-0: Called Strike 0-1: Ball 1-1: Called Strike 1-2: Ball 2-2: Ball 3-2: Foul Ball, location: 2F 3-2: Strikes out looking Claudio Torres is caught stealing 2nd base Batter strikes out.
|
Batting: LHB Sean Booth
|
0-0: Foul Ball, location: 2F 0-1: Ball 1-1: Swinging Strike 1-2: Ball 2-2: Ball 3-2: Foul Ball, location: 2F 3-2: Strikes out looking
|
Bottom of the 8th over - 0 run(s), 0 hit(s), 0 error(s), 0 left on base; Helena 1 - Nortonville 7 |
TOP OF THE 9TH |
Helena Grizzlies batting - Pitching for Nortonville Cherokees : RHP Bill Gentry
|
Batting: LHB Juan Hernández
|
0-0: Foul Ball, location: 2F 0-1: Ball 1-1: Foul Ball, location: 2F 1-2: Strikes out swinging
|
Batting: RHB Pancho Salaedo
|
0-0: Ball 1-0: Ball 2-0: Ball 3-0: Called Strike 3-1: Called Strike 3-2: Foul Ball, location: 2F 3-2: Fly out, F6 (Popup, 7LSF)
|
Batting: RHB Joe Chase
|
0-0: Called Strike 0-1: Swinging Strike 0-2: DOUBLE (Line Drive, 7LM)
|
Batting: RHB Wilbur James
|
0-0: Ball 1-0: SINGLE (Line Drive, 8LS) Joe Chase to third
|
Batting: LHB José Alonso
|
0-0: Ground out 3-1 (Groundball, 34)
|
Top of the 9th over - 0 run(s), 2 hit(s), 0 error(s), 2 left on base; Helena 1 - Nortonville 7 |
|